 Dungeon Crawl Stone Soup version 0.30-a0-358-g0d69a1922f (webtiles) character file.

Game seed: 11964550401860503136

5 koil the Sneak (level 1, 0/13 HPs)
             Began as a Vampire Enchanter on Nov 10, 2022.
             Slain by a frilled lizard (3 damage)
             ... on level 1 of the Dungeon.
             The game lasted 00:00:29 (98 turns).

koil the Sneak (Vampire Enchanter)                    Turns: 98, Time: 00:00:30

Health: 0/13       AC:  2    Str:  7    XL:     1   Next: 66%
Magic:  3/3        EV: 12    Int: 17    God:
Gold:   0          SH:  0    Dex: 14    Spells: 4/4 levels left

rFire   . . .      SeeInvis +    a - +1 dagger
rCold   . . .      Faith    .    (no shield)
rNeg    . . .      Spirit   .    b - +0 robe
rPois   .          Reflect  .    (no helmet)
rElec   .          Harm     .    (no cloak)
rCorr   .          Rampage  .    (no gloves)
Will    .....                    (no boots)
Stlth   +++.......               (no amulet)
HPRegen 0.42/turn                h - ring of flight
MPRegen 0.08/turn                (no ring)

@: flying, healing quickly
A: alive, fangs 3, see invisible, vampiric 1
a: Exsanguinate


You were on level 1 of the Dungeon.
You visited 1 branch of the dungeon, and saw 1 of its levels.

Inventory:

Hand Weapons
 a - a +1 dagger (weapon)
Armour
 b - a +0 robe (worn)
Jewellery
 f - a ring of fire
 h - a ring of flight (left hand)
Potions
 c - 2 potions of invisibility
 d - 3 potions of curing {unknown}
 e - 2 potions of mutation {unknown}
 g - a potion of lignification {unknown}


   Skills:
 + Level 0.2 Fighting
 + Level 1.2 Short Blades
 + Level 2.2 Dodging
 + Level 4.6 Stealth
 + Level 2.0 Spellcasting
 + Level 4.4 Hexes


You had 4 spell levels left.
You didn't know any spells.
Your spell library contained the following spells:

 Spells                   Type           Power      Damage    Failure   Level
 Confusing Touch          Hex            17%        N/A       9%          3
 Tukima's Dance           Hex            17%        N/A       9%          3
 Ensorcelled Hibernation  Hex/Ice        18%        N/A       12%         2
 Dazzling Flash           Conj/Hex       18%        N/A       22%         3


Dungeon Overview and Level Annotations

Branches:
Dungeon (1/15)

Altars:


Innate Abilities, Weirdness & Mutations

Your natural rate of healing is accelerated.
You have razor-sharp teeth.
You have supernaturally acute eyesight. (SInv)
You are afflicted with vampirism.


Message History

The kobold hits you with a +0 short sword.
A frilled lizard comes into view.
The frilled lizard hisses angrily.
You hit the kobold.
You kill the kobold!
You barely miss the frilled lizard. You bite the frilled lizard.
You kill the frilled lizard!
You see here a +0 short sword.
Found an iron ring.
You are too injured to fight recklessly!
HP restored.
h - a ring of flight You fly up into the air.
h - a ring of flight (left hand)
An endoplasm comes into view.
A goblin and a frilled lizard come into view.
Found 7 gold pieces.
The frilled lizard hisses angrily.
The endoplasm quivers.
The endoplasm freezes you.
You are frozen.
You are too injured to fight recklessly!
You are too injured to fight recklessly!
You hit the endoplasm but do no damage. The endoplasm barely misses you.
You hit the endoplasm. You bite the endoplasm.
The endoplasm is moderately wounded.
You hit the endoplasm but do no damage.
The endoplasm is moderately wounded.
The endoplasm freezes you.
You are frozen.
The frilled lizard closely misses you.
You hit the endoplasm.
The endoplasm is almost dead.
The endoplasm freezes you.
You are frozen.
The frilled lizard closely misses you.
You hit the endoplasm.
You kill the endoplasm!
The frilled lizard bites you.
* * * LOW HITPOINT WARNING * * *
The goblin barely misses you. The frilled lizard bites you.
You die...

# ######### .
#.......# #####.
#.......###....#
#.......#.#.##.#
#.......#.#.##.###
###.........##...#
###.######...#.#
#.).# #..l@.#
###'####..g###
###....##.....
#####......##...###
#.....#....##...#
#.....#....#...$.
#.....######.....#
#.....# #....
#####)######


You could see a goblin and a frilled lizard.

Vanquished Creatures
  An endoplasm (D:1)
  A goblin (D:1)
  A ball python (D:1)
  A frilled lizard (D:1)
  2 kobolds (D:1)
6 creatures vanquished.

Notes
Turn   | Place    | Note
-------+----------+-------------------------------------------
     0 | D:1      | koil the Vampire Enchanter began the quest for the Orb.
     0 | D:1      | Reached XP level 1. HP: 13/13 MP: 3/3
    97 | D:1      | HP: 2/13 [frilled lizard (2)]
    98 | D:1      | Slain by a frilled lizard

Illustrated notes

Levels and vault maps discovered:
D:1:      lemuel_arrival_river_bridge, layout_basic

Action                   || total
-------------------------++-------
Melee: Dagger            ||    15
       Bite              ||     3
 Stab: Sleeping          ||     2
Dodge: Dodged            ||     6

Table legend: (Time is in decaauts)
 A = Elapsed time spent in this place.
 B = Non-inter-level travel time spent in this place.
 C = Inter-level travel time spent in this place.
 D = Time resting spent in this place.
 E = Time spent auto-exploring this place.
 F = Levels seen in this place.
 G = Mean time per level.
                   A        B        C        D        E       F      G
               +--------+--------+--------+--------+--------+-----+--------+
         Total |     96 |     96 |      0 |      0 |     54 |   1 |   96.0 |
       Dungeon |     96 |     96 |      0 |      0 |     54 |   1 |   96.0 |
               +--------+--------+--------+--------+--------+-----+--------+

Top non-repeatable levels by time:
     D:1: 96 daAuts
